 Dungeon Crawl Stone Soup version 0.27.1-3-gb3d3a73c9e (webtiles) character file.

Game seed: 9939314280278979213

2 horus123 the Ducker (level 1, 0/13 HPs)
             Began as a Deep Elf Abyssal Knight on Oct 26, 2021.
             Was a Follower of Lugonu.
             Slain by a bat (1 damage)
             ... on level 1 of the Dungeon.
             The game lasted 00:01:02 (155 turns).

horus123 the Ducker (Deep Elf Abyssal Knight)        Turns: 155, Time: 00:01:02

Health: 0/13       AC:  3    Str:  9    XL:     1   Next: 33%
Magic:  4/4        EV: 12    Int: 16    God:    Lugonu [*.....]
Gold:   27         SH:  0    Dex: 14    Spells: 0/0 levels left

rFire    . . .     SeeInvis .   a - +1 short sword
rCold    . . .     Faith    .   (no shield)
rNeg     . . .     Spirit   .   b - +0 leather armour
rPois    .         Reflect  .   (no helmet)
rElec    .         Harm     .   (no cloak)
rCorr    +         Rampage  .   (no gloves)
Will     .....                  (no boots)
Stlth    +.........             (no amulet)
HPRegen  0.04/turn              c - ring of resist corrosion
MPRegen  0.09/turn              (no ring)

@: no status effects
A: no striking features
a: Renounce Religion, Depart the Abyss


You were on level 1 of the Dungeon.
You worshipped Lugonu.
Lugonu was aware of your devotion.
You visited 1 branch of the dungeon, and saw 1 of its levels.
You visited the Abyss 1 time.

You collected 27 gold pieces.

Inventory:

Hand Weapons
 a - a +1 short sword (weapon)
Armour
 b - a +0 leather armour (worn)
Jewellery
 c - a ring of resist corrosion (left hand)


   Skills:
 + Level 2.4 Fighting
 + Level 2.0 Short Blades
 + Level 0.7 Armour
 + Level 2.4 Dodging
 + Level 2.0 Invocations


You couldn't memorise any spells.
You didn't know any spells.
Your spell library contained the following spells:

 Spells                   Type           Power      Damage    Failure   Level
 Corona                   Hex            0%         N/A       34%         1
 Ensorcelled Hibernation  Hex/Ice        0%         N/A       45%         2
 Tukima's Dance           Hex            0%         N/A       71%         3


Dungeon Overview and Level Annotations

Branches:
Dungeon (1/15)

Altars:


Message History

Moving in this stuff is going to be slow.
The bat hits you but does no damage.
Your unstable footing causes you to fumble your attack.
The bat misses you. The bat barely misses you. x2
Your unstable footing causes you to fumble your attack.
The bat barely misses you. The bat completely misses you.
Your unstable footing causes you to fumble your attack.
The bat hits you but does no damage.
You hit the quokka.
The quokka is heavily wounded.
The bat misses you. The quokka bites you.
You barely miss the quokka.
The quokka is heavily wounded.
The bat hits you but does no damage.
The quokka bites you but does no damage.
Your unstable footing causes you to fumble your attack.
The bat hits you but does no damage. The quokka closely misses you.
The quokka bites you.
Your unstable footing causes you to fumble your attack.
The bat hits you but does no damage. x2; The quokka bites you.
You are too injured to fight recklessly!
You are too injured to fight recklessly!
You are too injured to fight recklessly!
Your unstable footing causes you to fumble your attack.
The bat hits you.
* * * LOW HITPOINT WARNING * * *
The quokka barely misses you.
You hit the quokka.
The quokka is severely wounded.
The bat barely misses you. The quokka bites you.
* * * LOW HITPOINT WARNING * * *
Your unstable footing causes you to fumble your attack.
The quokka barely misses you. The bat closely misses you.
You hit the quokka.
You kill the quokka!
Lugonu accepts your kill. The bat hits you but does no damage.
The bat barely misses you. The bat hits you.
You die...

###### #####
####....####.....
#................ #.#
#.≈≈≈≈.≈≈≈≈≈.
##.###.≈≈≈≈.≈≈≈≈≈.
##...##.≈≈≈≈.≈≈≈≈≈.
####.....#.≈≈≈≈.≈≈≈≈≈.
.........†.≈≈≈≈.......
###.....#)).@...≈≈≈≈.
##...##.≈≈≈b≈?≈≈≈≈.
##.###.≈≈≈≈≈.≈≈≈≈$
######.# #.≈≈≈≈≈.≈≈≈≈.
#......# #.≈≈≈≈≈.≈≈≈≈.
###.########............
#..................#####
#.#.################
#.#.#


You could see a bat.

Vanquished Creatures
  A quokka (D:1)
  A ball python (D:1)
  A kobold (D:1)
3 creatures vanquished.

Notes
Turn   | Place    | Note
-------+----------+-------------------------------------------
     0 | Abyss:1  | horus123 the Deep Elf Abyssal Knight began the quest for
                  | the Orb.
     0 | Abyss:1  | Reached XP level 1. HP: 13/13 MP: 4/4
    63 | Abyss:1  | Found a corrupted altar of Lugonu.
    72 | D:1      | Escaped the Abyss
   155 | D:1      | Slain by a bat

Illustrated notes

Levels and vault maps discovered:
D:1:      dpeg_arrival_water_temple_mockup, layout_loops_ring,
          corexii_hall_statues_deadend, st_stairs_3, minivault_14

Action                   || total
-------------------------++-------
Melee: Short sword       ||    16
Armor: Leather armour    ||    12
Dodge: Dodged            ||    17
